 Dungeon Crawl Stone Soup version 0.21.0-3-g78d12a8 (webtiles) character file.

18 tidbits the Sneak (level 2, 14/18 HPs)
             Began as an Octopode Air Elementalist on Jan 10, 2018.
             Quit the game on level 2 of the Dungeon.
             The game lasted 00:03:32 (459 turns).

tidbits the Sneak (Octopode Air Elementalist)        Turns: 459, Time: 00:03:33

Health: 14/18      AC:  1    Str:  7    XL:     2   Next: 70%
Magic:  4/5        EV: 13    Int: 17    God:
Gold:   33         SH:  0    Dex: 12    Spells: 2/5 levels left

rFire    + . .     SeeInvis .   d - +0 dagger
rCold    . . .     Gourm    .   (no shield)
rNeg     . . .     Faith    .   (helmet restricted)
rPois    .         Spirit   .   (no amulet)
rElec    .         Reflect  .   o - ring of protection from fire
rCorr    .         Harm     .   (no ring)
MR       .....                  (no ring)
Stlth    +++.......             (no ring)
HPRegen  0.06/turn              (no ring)
MPRegen  0.09/turn              (no ring)
                                (no ring)
                                (no ring)

@: no status effects
A: almost no armour, stealthy swim, amphibious, 8 rings, constrict 8, camouflage
1, gelatinous body 1
a: no special abilities


You were on level 2 of the Dungeon.
You were not hungry.

You visited 1 branch of the dungeon, and saw 2 of its levels.

You collected 33 gold pieces.

Inventory:

Hand Weapons
 a - a +0 short sword
 d - a +0 dagger (weapon)
 k - a +0 hunting sling
Missiles
 c - 22 bolts
 f - 4 poisoned javelins (quivered)
 m - 56 stones
Jewellery
 o - a ring of protection from fire (left tentacle)
   (You found it on level 2 of the Dungeon)
Scrolls
 e - a scroll of random uselessness {unknown}
 g - a scroll of remove curse {unknown}
 n - a scroll of identify {unknown}
Potions
 h - a potion of degeneration {unknown}
 i - a potion of curing {unknown}
 j - a potion of magic {unknown}
Books
 l - a book of Air

   Spells                             Type                      Level
   a - Shock                          Conjuration/Air              1
   b - Swiftness                      Charms/Air                   2
   c - Static Discharge               Conjuration/Air              3
   d - Airstrike                      Air                          4
   e - Lightning Bolt                 Conjuration/Air              5
Comestibles
 b - 3 rations


   Skills:
 + Level 1.4 Fighting
 - Level 2.0 Dodging
 + Level 3.7 Stealth
 - Level 2.0 Spellcasting
 - Level 1.0 Conjurations
 - Level 3.0 Air Magic


You had 2 spell levels left.
You knew the following spells:

 Your Spells              Type           Power        Failure   Level  Hunger
a - Shock                 Conj/Air       #...         9%          1    #......
W - Swiftness             Chrm/Air       #.......     16%         2    ###....


Dungeon Overview and Level Annotations

Branches:
Dungeon (2/15)

Altars:
Zin


Innate Abilities, Weirdness & Mutations

You cannot wear most types of armour.
You are very stealthy in the water. (Stealth+)
You are amphibious.
You can wear up to eight rings at the same time.
You can use your tentacles to constrict eight enemies at once.
Your skin changes colour to match your surroundings (Stealth+).
Your rubbery body absorbs attacks. (AC +1, EV +1)


Message History

d - 53 stones (gained 1)
d - 54 stones (gained 1)
You see here a short sword.
l - a short sword Wield which item (- for none, * to show all)? (? for menu, Esc to quit)
l - a +0 short sword (weapon)
Wield which item (- for none, * to show all)? (? for menu, Esc to quit)
c - 22 bolts (in tentacle)
You swing at nothing.
You swing at nothing.
You swing at nothing.
You swing at nothing.
You swing at nothing.
You swing at nothing.
You swing at nothing.
You swing at nothing.
You swing at nothing.
You swing at nothing.
You swing at nothing.
You swing at nothing.
You swing at nothing.
You swing at nothing.
You swing at nothing.
You swing at nothing.
You swing at nothing.
You swing at nothing.
You swing at nothing.
You swing at nothing.
You swing at nothing.
You swing at nothing.
You swing at nothing.
You swing at nothing.
You swing at nothing.
You swing at nothing.
You swing at nothing.
You swing at nothing.
You swing at nothing.
You swing at nothing.
Wield which item (- for none, * to show all)? (? for menu, Esc to quit)
l - a +0 short sword (weapon)
Adjust (i)tems, (s)pells, or (a)bilities?
Adjust which item? (? for menu, Esc to quit)
l - a +0 short sword (weapon)
Adjust to which letter? (? for menu, Esc to quit)
a - a +0 short sword (weapon);
l - a book of Air
d - 55 stones (gained 1)
d - 56 stones (gained 1)
Casting: Shock
Confirm with . or Enter, or press ? or * to list all spells.
Aiming: Shock
Press: ? - help, Shift-Dir - straight line, f - goblin
Aim: a goblin, wielding a dagger (hasn't noticed you)
The zap hits the goblin.
The goblin is severely wounded.
The goblin shouts!
Casting: Shock
Confirm with . or Enter, or press ? or * to list all spells.
Aiming: Shock
Press: ? - help, Shift-Dir - straight line, f/p - goblin
Aim: a goblin, wielding a dagger (severely wounded)
The zap misses the goblin.
Casting: Shock
Confirm with . or Enter, or press ? or * to list all spells.
Aiming: Shock
Press: ? - help, Shift-Dir - straight line, f/p - goblin
Aim: a goblin, wielding a dagger (severely wounded)
The zap hits the goblin.
You kill the goblin!
Found a scroll labeled VOTZEGGAYVE.
You now have 33 gold pieces (gained 10).
You see here a dagger.
m - a dagger Wield which item (- for none, * to show all)? (? for menu, Esc to quit)
m - a +0 dagger (weapon)
Adjust (i)tems, (s)pells, or (a)bilities?
Adjust which item? (? for menu, Esc to quit)
m - a +0 dagger (weapon)
Adjust to which letter? (? for menu, Esc to quit)
d - a +0 dagger (weapon);
m - 56 stones
Found a blackened tourmaline ring.
A kobold comes into view.
Casting: Shock
Confirm with . or Enter, or press ? or * to list all spells.
Aiming: Shock
Press: ? - help, Shift-Dir - straight line, f - kobold
Aim: a kobold (resting)
The zap hits the kobold.
You kill the kobold!
n - a scroll labeled VOTZEGGAYVE
o - a blackened tourmaline ring Put on which piece of jewellery? (? for menu, Esc to quit)
o - a ring of protection from fire (left tentacle)
You open the door.
Unknown command.
You open the door.
There is an open door here.
Saving game... please wait.
Welcome back, tidbits the Octopode Air Elementalist.
Press ? for a list of commands and other information.
Are you sure you want to abandon this character and quit the game? (Confirm with "yes".)

....# ....## .....##
...... .# ##### ....#
####'## #...# ....#
......#####...###....#..
......+...'.....@.......
......#####...#########.
......# #...# ......#
#...# ......#####...#
.............#######
######.......'......
#.......#######
#.......#


There were no monsters in sight!

Vanquished Creatures
  A bat (D:1)
  A giant cockroach (D:1)
  4 goblins
  2 hobgoblins (D:1)
  3 jackals (D:2)
  A ball python (D:1)
  4 kobolds
16 creatures vanquished.

Notes
Turn   | Place    | Note
-------+----------+-------------------------------------------
     0 | D:1      | tidbits the Octopode Air Elementalist began the quest for the Orb.
     0 | D:1      | Reached XP level 1. HP: 11/11 MP: 3/3
   106 | D:1      | Reached skill level 3 in Stealth
   155 | D:1      | Reached skill level 1 in Fighting
   155 | D:1      | Reached XP level 2. HP: 18/18 MP: 0/5
   197 | D:1      | Learned a level 2 spell: Swiftness
   300 | D:2      | Found a glowing silver altar of Zin.
   459 | D:2      | Quit the game

Skill      XL: |  1 |
---------------+----+-----
Stealth        | 3 |  3.7
Fighting       | 1 |  1.4
Dodging        | |  2.0
Spellcasting   | |  2.0
Conjurations   | |  1.0
Air Magic      | |  3.0

Action                   || total
-------------------------++-------
Melee: Unarmed           ||    29
       Constrict         ||     6
       Tentacles         ||     3
Throw: Javelin           ||     3
 Cast: Shock             ||    16
 Stab: Sleeping          ||     2
Armor: Skin              ||     3
Dodge: Dodged            ||    23

Table legend:
 A = Turns spent in this place as a percentage of turns spent in the entire game.
 B = Non-inter-level travel turns spent in this place as a percentage of non-inter-level travel turns spent in the entire game.
 C = Inter-level travel turns spent in this place as a percentage of turns spent in this place.
 D = Turns resting spent in this place as a percentage of non-inter-level travel turns spent in this place.
 E = Turns spent auto-exploring this place as a percentage of non-inter-level travel turns spent in this place.
 F = Non-inter-level travel turns spent in this place divided by the number of levels of this place that you've seen.
                   A       B       C       D       E      F
               +-------+-------+-------+-------+-------+----------------------
         Total | 100.0 | 100.0 |   0.0 |   0.0 |   0.0 | 229.5
       Dungeon | 100.0 | 100.0 |   0.0 |   0.0 |   0.0 | 229.5
               +-------+-------+-------+-------+-------+----------------------

Table legend:
 A = Kills in this place as a percentage of kills in entire the game.
 B = Kills by you in this place as a percentage of kills by you in the entire game.
 C = Kills by friends in this place as a percentage of kills by friends in the entire game.
 D = Other kills in this place as a percentage of other kills in the entire game.
 E = Experience gained in this place as a percentage of experience gained in the entire game.
 F = Experience gained in this place divided by the number of levels of this place that you have seen.
                   A       B       C       D       E      F
               +-------+-------+-------+-------+-------+----------------------
         Total | 100.0 | 100.0 |   N/A |   N/A | 100.0 |  13.5
       Dungeon | 100.0 | 100.0 |   N/A |   N/A | 100.0 |  13.5
               +-------+-------+-------+-------+-------+----------------------

Vault maps used:
D:1:      onia_arrival_mini_spirals
D:2:      lemuel_crystal_altar
